 Dungeon Crawl Stone Soup version 0.18.1-47-g9310371 (webtiles) character file.

31 Gargoyl the Skirmisher (level 3, 10/29 HPs)
             Began as a Demonspawn Abyssal Knight on June 23, 2016.
             Was a Follower of Lugonu.
             Quit the game on level 2 of the Dungeon.
             The game lasted 00:02:42 (716 turns).

Gargoyl the Skirmisher (Demonspawn Abyssal Knight)   Turns: 716, Time: 00:02:42

Health: 10/29      AC: 16    Str: 13    XL:     3   Next: 7%
Magic:  3/5        EV:  5    Int: 13    God:    Lugonu [*.....]
Gold:   48         SH:  0    Dex: 14    Spells: 0 memorised, 2 levels left

rFire  . . .     SeeInvis .     a - +1 hand axe
rCold  . . .     Gourm    .     i - +8 chain mail "Qaumuirgh" {Dex+2}
rNeg   . . .     Faith    .     (no shield)
rPois  .         Spirit   +     (no helmet)
rElec  .         Dismiss  .     (no cloak)
rCorr  .         Reflect  .     (no gloves)
SustAt .         Harm     .     (no boots)
MR     .....                    (no amulet)
Stlth  ..........               (no ring)
                                (no ring)

@: mildly poisoned (10 -> 8), drained, not resistant to hostile enchantments,
extremely unstealthy
A: talons 1, magic shield
a: Depart the Abyss, Renounce Religion


You were on level 2 of the Dungeon.
You worshipped Lugonu.
Lugonu was aware of your devotion.
You were not hungry.

You visited 1 branch of the dungeon, and saw 2 of its levels.
You visited the Abyss 1 time.

You collected 48 gold pieces.

Inventory:

Hand Weapons
 a - a +1 hand axe (weapon)
Armour
 i - the +8 chain mail "Qaumuirgh" (worn) {Dex+2}
   (You found it on level 2 of the Abyss)

   It affects your dexterity (+2).
Scrolls
 b - 4 scrolls of identify {unknown}
 e - a scroll of torment {unknown}
 f - a scroll of fog {unknown}
 g - 2 scrolls of immolation {unknown}
 l - a scroll of teleportation {unknown}
 m - a scroll of enchant armour {unknown}
 n - a scroll of remove curse {unknown}
 o - a scroll of fear {unknown}
Potions
 k - a potion of heal wounds {unknown}
Miscellaneous
 h - a plain deck of summoning
Comestibles
 c - 2 bread rations
 d - 2 meat rations
 j - 2 fruits


   Skills:
 + Level 3.3(2.6) Fighting
 + Level 2.1(1.4) Axes
 * Level 2.4(1.7) Armour
 + Level 1.1(0.4) Dodging
 + Level 2.7(2.1) Invocations


You had 2 spell levels left.
You didn't know any spells.

Dungeon Overview and Level Annotations

Branches:
Dungeon (2/15)

Altars:
Okawaru


Innate Abilities, Weirdness & Mutations

You have sharp toenails.
When hurt, damage is shared between your health and your magic reserves.


Message History

The jackal is lightly wounded.
The jackal bites you but does no damage.
The adder bites you but does no damage.
The jackal bites you but does no damage.
The adder bites you but does no damage.
Unknown command.
You hit the adder.
You kill the adder!
Lugonu accepts your kill.
You have reached level 3!
Your experience leads to an increase in your attributes!
Your base attributes are Str 12, Int 13, Dex 12.
Increase (S)trength, (I)ntelligence, or (D)exterity?
You feel stronger.
Your demonic ancestry asserts itself...
You feel your magical essence form a protective shroud around your flesh.
You closely miss the jackal.
The jackal is lightly wounded.
You feel sick.
The jackal bites you but does no damage. x2
Are you sure you want to abandon this character and quit the game? (Confirm with "yes".)

# #. ... # ....
####.## <....
......#
......####...[...
.......<@hh...$..
.......###...<..#
....... .....#_
....... ...#..#
......# .%.....
.....# .####.h
#...# .# . ####
.#


You could see 2 jackals.

Vanquished Creatures
  An adder (D:2)
  4 dart slugs (D:1)
  2 bats (D:1)
  2 goblins (D:1)
  3 hobgoblins
  A ball python (D:1)
  2 rats (D:1)
15 creatures vanquished.

Vanquished Creatures (others)
  9 starspawn tentacles (Abyss:2)
  5 starspawn tentacle segments (Abyss:2)
14 creatures vanquished.

Grand Total: 29 creatures vanquished

Notes
Turn   | Place    | Note
--------------------------------------------------------------
     0 | Abyss:1  | Gargoyl the Demonspawn Abyssal Knight began the quest for the Orb.
     0 | Abyss:1  | Reached XP level 1. HP: 18/18 MP: 2/2
    87 | Abyss:2  | Noticed a tentacled starspawn
    94 | Abyss:2  | Noticed a large abomination
   100 | Abyss:2  | Noticed a tentacled starspawn
   114 | Abyss:2  | Noticed a smoke demon
   116 | Abyss:2  | Got a distressingly furry chain mail
   117 | D:1      | Escaped the Abyss
   128 | D:1      | Identified the +8 chain mail "Qaumuirgh" {Dex+2} (You found it on level 2 of the Abyss)
   199 | D:1      | Reached * piety under Lugonu
   273 | D:1      | Reached skill level 1 in Dodging
   273 | D:1      | Gained mutation: You have sharp toenails. [demonic ancestry]
   273 | D:1      | Reached XP level 2. HP: 15/24 MP: 3/3
   703 | D:2      | Found an iron altar of Okawaru.
   715 | D:2      | Gained mutation: When hurt, damage is shared between your health and your magic reserves. [demonic ancestry]
   715 | D:2      | Reached XP level 3. HP: 11/29 MP: 3/5
   716 | D:2      | Quit the game

Skill      XL: |  1  2 |
---------------+-------+-----
Armour         | 2 |  2.4
Dodging        | 1 |  1.1
Axes           | 2 |  2.1
Fighting       | |  3.3
Invocations    | |  2.7

Action                   || total
-------------------------++-------
Melee: Hand axe          ||    59
       Kick              ||    13
Invok: Depart the Abyss  ||     1
Armor: Chain mail        ||    70
Dodge: Dodged            ||    20
